 Dungeon Crawl Stone Soup version 0.27.0-1-g7a089689b8 (webtiles) character file.

Game seed: 63656988265077666

81154 ZombieSheep the Severer (level 15, -8/139 HPs)
             Began as a Hill Orc Fighter on Aug 1, 2021.
             Was the Champion of the Shining One.
             Splashed by a brown ugly thing's acid (11 damage)
             ... on level 14 of the Dungeon.
             The game lasted 01:01:32 (28739 turns).

ZombieSheep the Severer (Hill Orc Fighter)         Turns: 28739, Time: 01:01:33

Health: -8/139     AC: 10    Str: 23    XL:     15   Next: 69%
Magic:  24/24      EV: 20    Int:  8    God:    the Shining One [******]
Gold:   1481       SH:  0    Dex: 15    Spells: 14/14 levels left

rFire    + . .     SeeInvis .   a - +8 hand axe of Wuisuky {speed, rC+ Str+2}
rCold    + . .     Faith    .   (no shield)
rNeg     + + +     Spirit   .   E - +7 ring mail of Terror {rF+}
rPois    +         Reflect  .   k - +1 helmet
rElec    .         Harm     .   (no cloak)
rCorr    .         Rampage  .   n - +0 pair of gloves
Will     +....                  X - +2 pair of boots
Stlth    +.........             u - amulet of the acrobat
HPRegen  0.33/turn              r - ring of poison resistance
MPRegen  0.19/turn              p - +4 ring of evasion

@: corroded, glowing
A: no striking features
a: Renounce Religion, Divine Shield, Cleansing Flame, Summon Divine Warrior,
Brand Weapon With Holy Wrath


You were on level 14 of the Dungeon.
You worshipped the Shining One.
The Shining One was exalted by your worship.
You visited 5 branches of the dungeon, and saw 24 of its levels.
You also visited: Gauntlet and Ice Cave.

You collected 1810 gold pieces.
You spent 329 gold pieces at shops.

Inventory:

Hand Weapons
 a - the +8 hand axe of Wuisuky (weapon) {speed, rC+ Str+2}
   (You found it on level 7 of the Dungeon)

   Attacks with this weapon are significantly faster.
   Str:       It affects your strength (+2).
   rC:        It protects you from cold.
 b - a +4 scimitar of flaming
 B - a +3 scimitar of freezing
 D - a +0 battleaxe
 T - a +0 broad axe
 U - a +2 double sword of freezing
Missiles
 y - 4 throwing nets (quivered)
Armour
 i - a +2 chain mail of cold resistance
 k - a +1 helmet (worn)
 n - a +0 pair of gloves (worn)
 E - the +7 ring mail of Terror (worn) {rF+}
   (You found it on level 10 of the Dungeon)

   rF:        It protects you from fire.
 X - a +2 pair of boots (worn)
Jewellery
 j - a ring of resist corrosion
 p - a +4 ring of evasion (right hand)
 q - a ring of protection from fire
 r - a ring of poison resistance (left hand)
 u - an amulet of the acrobat (around neck)
 G - a ring of willpower
 M - a +6 ring of dexterity
 O - an amulet of reflection
 W - a ring of protection from cold
Wands
 f - a wand of polymorph (13)
 t - a wand of digging (4)
 I - a wand of acid (14)
 Q - a wand of flame (14)
 S - a wand of iceblast (31)
Scrolls
 d - 2 scrolls of acquirement
 h - 5 scrolls of enchant weapon
 o - 2 scrolls of magic mapping
 s - a scroll of enchant armour
 v - a scroll of amnesia
 w - 9 scrolls of teleportation
 F - a scroll of blinking
 J - 4 scrolls of fear
 K - a scroll of silence
 L - 3 scrolls of summoning
 Y - 3 scrolls of fog
Potions
 c - 6 potions of lignification
 e - 3 potions of curing
 g - 2 potions of haste
 l - 2 potions of ambrosia
 m - 4 potions of mutation
 x - a potion of berserk rage {unknown}
 z - 2 potions of might
 A - a potion of resistance {unknown}
 C - 4 potions of magic
 H - 3 potions of brilliance {unknown}
 N - 3 potions of flight
 R - 4 potions of heal wounds


   Skills:
 + Level 14.5 Fighting
 - Level 7.3 Long Blades
 + Level 16.3 Axes
 + Level 13.5 Armour
 + Level 10.4 Dodging
 - Level 3.2 Shields
 + Level 12.8 Invocations


You had 14 spell levels left.
You didn't know any spells.
Your spell library contained the following spells:

 Spells                   Type           Power      Damage    Failure   Level
 Sandblast                Erth           0%         2d4       52%         1
 Sting                    Tmut/Pois      0%         1d3       52%         1
 Blink                    Tloc           N/A        N/A       65%         2
 Corpse Rot               Necr/Air       N/A        N/A       65%         2
 Passwall                 Tmut/Erth      0%         N/A       65%         2
 Poisonous Vapours        Pois/Air       0%         N/A       65%         2
 Slow                     Hex            0%         N/A       65%         2
 Sublimation of Blood     Necr           0%         N/A       65%         2
 Wereblood                Tmut           0%         N/A       65%         2
 Confusing Touch          Hex            0%         N/A       87%         3
 Dazzling Flash           Conj/Hex       0%         N/A       87%         3
 Frozen Ramparts          Ice            0%         1d2       87%         3
 Lesser Beckoning         Tloc           0%         N/A       87%         3
 Ozocubu's Armour         Ice            0%         N/A       87%         3
 Tukima's Dance           Hex            0%         N/A       87%         3
 Ice Form                 Ice/Tmut       0%         N/A       99%         4
 Iskenderun's Mystic Bla  Conj/Tloc      0%         2d3       99%         4
 Leda's Liquefaction      Hex/Erth       0%         N/A       99%         4
 Olgreb's Toxic Radiance  Pois           0%         N/A       99%         4
 Passage of Golubria      Tloc           N/A        N/A       99%         4
 Summon Ice Beast         Ice/Summ       0%         N/A       99%         4
 Summon Lightning Spire   Summ/Air       0%         N/A       99%         4
 Bolt of Magma            Conj/Fire/Erth 0%         4d4       100%        5
 Freezing Cloud           Conj/Ice/Air   0%         6-21      100%        5
 Lee's Rapid Deconstruct  Erth           0%         3d5*      100%        5
 Manifold Assault         Tloc           0%         N/A       100%        5
 Metabolic Englaciation   Hex/Ice        0%         N/A       100%        5
 Yara's Violent Unravell  Hex/Tmut       0%         3d3       100%        5
 Eringya's Noxious Bog    Tmut/Pois      0%         N/A       100%        6
 Simulacrum               Ice/Necr       0%         N/A       100%        6
 Starburst                Conj/Fire      0%         8x6d3     100%        6
 Statue Form              Tmut/Erth      0%         N/A       100%        6
 Storm Form               Tmut/Air       0%         N/A       100%        7
 Summon Hydra             Summ           0%         N/A       100%        7
 Maxwell's Capacitive Co  Air            0%         ∞         100%        8


Dungeon Overview and Level Annotations

Branches:
Dungeon (14/15)            Temple (1/1) D:4            Lair (6/6) D:11
  Swamp (1/4) Lair:2        Snake (0/4) Lair:2        Slime (0/5) Lair:6
    Orc (2/2) D:10         Vaults (0/5) D:13          IceCv (visited)
Gauntlet (visited)
    Elf: Orc:2

Altars:
Ashenzari
Cheibriados
Dithmenos
Elyvilon
Gozag
Hepliaklqana
Makhleb
Nemelex Xobeh
Okawaru
Qazlal
Ru
Sif Muna
Trog
Uskayaw
Vehumet
Wu Jian
Xom
Yredelemnul
Zin
The Shining One
Jiyva
Lugonu

Shops:
D:3 [?!   D:4 (   D:7 ?   D:10 (

Portals:
Abyss: Lair:6

Annotations:
Lair:1 exclusion: oklob plant
Lair:2 exclusion: 2 oklob plants


Message History

You barely miss the brown ugly thing.
The brown ugly thing is moderately wounded.
You hit the brown ugly thing.
The brown ugly thing is moderately wounded.
You slash the brown ugly thing!
The brown ugly thing is heavily wounded.
The brown ugly thing barely misses you.
You hit the brown ugly thing but do no damage.
The brown ugly thing is heavily wounded.
You hit the brown ugly thing but do no damage.
The brown ugly thing is heavily wounded.
The brown ugly thing claws you.
* * * LOW HITPOINT WARNING * * *
The acid corrodes you!
You are splashed with acid!
* * * LOW HITPOINT WARNING * * *
You slash the brown ugly thing!
The brown ugly thing is severely wounded.
You hit the brown ugly thing.
The brown ugly thing is severely wounded.
You hit the brown ugly thing.
The brown ugly thing is severely wounded.
The brown ugly thing claws you!
* * * LOW HITPOINT WARNING * * *
You are splashed with acid.
* * * LOW HITPOINT WARNING * * *
You hit the brown ugly thing but do no damage.
The brown ugly thing is severely wounded.
You hit the brown ugly thing.
The brown ugly thing is almost dead.
The brown ugly thing misses you.
You hit the brown ugly thing but do no damage.
The brown ugly thing is almost dead.
You hit the brown ugly thing.
The brown ugly thing is almost dead.
You hit the brown ugly thing but do no damage.
The brown ugly thing is almost dead.
The brown ugly thing claws you.
* * * LOW HITPOINT WARNING * * *
The acid corrodes you!
You are splashed with acid!
You die...

###.u.........# #.
#####....u........########
.........u........†.......
#.######.........##########
#>......#.........#
#######.##.....##.#
#...#######.#### ###.####
#....# #u@..#######.#
####.........# ###########


You could see a brown ugly thing.

Vanquished Creatures
  Snorg (D:11)
  8 vault guards
  10 hydras
  Harold (D:8)
  A boulder beetle (D:12)
  Erolcha (D:9)
  3 catoblepae
  2 centaur warriors
  3 two-headed ogres
  4 death yaks
  Erica (D:8)
  A tengu warrior (D:13)
  2 thrashing horrors (Lair:6)
  An orc high priest (D:10)
  An orc knight (Orc:2)
  A necromancer (IceCv)
  A harpy (shapeshifter) (D:13)
  2 manticores
  14 ugly things
  2 cyclopes
  3 black mambas
  An ice statue (IceCv)
  17 cane toads
  A smoke demon (Lair:6)
  7 torpor snails
  Maggie (Lair:2)
  2 rime drakes
  2 freezing wraiths (IceCv)
  An efreet (D:11)
  8 komodo dragons
  3 anaconda simulacra (IceCv)
  13 ice devils (IceCv)
  3 ancient zymes (Lair:6)
  6 trolls
  A meliai (shapeshifter) (Lair:6)
  A jumping spider (shapeshifter) (Lair:6)
  A polar bear (Lair:2)
  2 hornets
  A tyrant leech (Lair:2)
  6 slime creatures (D:13)
  20 blink frogs
  A large abomination (Lair:6)
  A spriggan (Lair:6)
  A shadow (D:12)
  3 dire elephant simulacra (IceCv)
  Sigmund (D:4)
  2 wraiths
  A wyvern (Lair:6)
  38 yaks
  6 basilisks
  2 death yak simulacra (IceCv)
  2 steam dragons
  2 chaos spawn (Lair:6)
  9 vampire mosquitoes
  Menkaure (D:6)
  3 wargs
  7 nagas (Lair:2)
  A swamp worm (Lair:2)
  15 water moccasins
  4 acid dragons
  19 orc warriors
  2 black bears
  3 ice beasts
  3 sky beasts
  8 centaurs
  6 ogres
  11 wolves
  2 kobold brigands
  10 bullfrogs
  4 cane toad simulacra (IceCv)
  A water moccasin skeleton (D:3)
  9 small abominations
  4 elephant simulacra (IceCv)
  5 killer bees
  7 wights
  3 electric eels (Lair:1)
  8 howler monkeys
  A bullfrog zombie (D:5)
  2 bullfrog skeletons
  3 centaur zombies
  6 hounds
  A jelly (D:5)
  8 orc priests
  2 centaur skeletons
  4 iguanas
  18 orc wizards
  9 polar bear simulacra (IceCv)
  2 troll simulacra (IceCv)
  A wolf simulacrum (IceCv)
  A hound skeleton (D:5)
  A howler monkey zombie (D:8)
  11 gnolls
  A howler monkey skeleton (D:6)
  A naga simulacrum (IceCv)
  9 adders
  A shadow imp (D:8)
  3 white imps
  3 ufetubi
  4 worms
  52 orcs
  9 ball pythons
  4 endoplasms
  7 giant cockroaches
  9 goblins
  3 hobgoblins
  16 jackals
  19 kobolds
  7 quokkas
  4 bats
  3 frilled lizards
  7 rats
597 creatures vanquished.

Vanquished Creatures (collateral kills)
  A freezing wraith (IceCv)
1 creature vanquished.

Vanquished Creatures (others)
  A komodo dragon (D:11)
  4 demonic plants (Gauntlet)
  25 fungi
  34 plants
64 creatures vanquished.

Grand Total: 662 creatures vanquished

Notes
Turn   | Place    | Note
-------+----------+-------------------------------------------
     0 | D:1      | ZombieSheep the Hill Orc Fighter began the quest for the
                  | Orb.
     0 | D:1      | Reached XP level 1. HP: 19/19 MP: 1/1
   154 | D:1      | Reached skill level 3 in Axes
   258 | D:1      | Reached XP level 2. HP: 27/27 MP: 2/2
   797 | D:1      | Reached XP level 3. HP: 26/33 MP: 3/3
  1464 | D:2      | Reached skill level 4 in Axes
  1464 | D:2      | Reached skill level 1 in Dodging
  1498 | D:2      | Reached XP level 4. HP: 22/40 MP: 4/4
  2046 | D:2      | Found a radiant altar of Vehumet.
  2435 | D:3      | Found a faded altar of an unknown god.
  2540 | D:2      | Reached XP level 5. HP: 33/47 MP: 5/5
  2638 | D:3      | Noticed an ice beast
  2740 | D:3      | Found Mukly's Distillery.
  2897 | D:4      | Reached skill level 5 in Axes
  3034 | D:4      | Found Etwookk's Antique Weapon Shop.
  3328 | D:4      | Reached XP level 6. HP: 35/53 MP: 6/6
  3484 | D:4      | Noticed an orc warrior
  3507 | D:4      | Killed an orc warrior
  3508 | D:4      | Reached skill level 5 in Fighting
  3508 | D:4      | Reached skill level 6 in Axes
  3978 | D:4      | Found a staircase to the Ecumenical Temple.
  4027 | D:4      | Noticed Sigmund
  4049 | D:4      | Killed Sigmund
  4050 | D:4      | Reached skill level 5 in Armour
  4050 | D:4      | Reached XP level 7. HP: 28/61 MP: 7/7
  4248 | Temple   | Entered the Ecumenical Temple
  4295 | Temple   | Became a worshipper of the Shining One
  4589 | D:5      | Entered Level 5 of the Dungeon
  4602 | D:5      | Reached skill level 7 in Axes
  4793 | D:5      | Reached XP level 8. HP: 46/70 MP: 8/8
  4918 | D:5      | Reached * piety under the Shining One
  4931 | D:5      | Reached skill level 8 in Axes
  5595 | D:3      | Found Hant's Magic Scroll Shop.
  5684 | D:3      | Found Oddiferch's Armour Emporium.
  6039 | D:5      | Reached skill level 9 in Axes
  6071 | D:5      | You fall into a shaft and drop 1 floor!
  6216 | D:5      | Reached skill level 1 in Invocations
  6244 | D:5      | Reached XP level 9. HP: 14/78 MP: 10/10
  7150 | D:6      | Noticed Menkaure
  7157 | D:6      | Killed Menkaure
  7277 | D:6      | Reached skill level 10 in Axes
  7726 | D:6      | Reached ** piety under the Shining One
  7798 | D:6      | Found a sparkling altar of Nemelex Xobeh.
  8078 | D:7      | Reached skill level 5 in Invocations
  8420 | D:7      | Reached XP level 10. HP: 71/88 MP: 13/13
  8516 | D:7      | Reached skill level 5 in Dodging
  8935 | D:7      | Found Leyziyni's Magic Scroll Emporium.
  9041 | D:7      | Identified the +8 hand axe of Wuisuky {speed, rC+ Str+2}
  9560 | D:8      | Noticed Erica
  9579 | D:8      | Killed Erica
  9619 | D:8      | Reached skill level 11 in Axes
  9628 | D:8      | Reached skill level 1 in Long Blades
  9906 | D:8      | Noticed Harold
  9941 | D:8      | Killed Harold
 10780 | D:9      | Noticed Erolcha
 10801 | D:9      | Killed Erolcha
 10802 | D:9      | Reached XP level 11. HP: 55/97 MP: 16/16
 11562 | D:10     | Entered Level 10 of the Dungeon
 11567 | D:10     | Identified the +7 ring mail of Terror {rF+}
 11713 | D:10     | Got the Grimoire of Toxins
 12069 | D:10     | Found Resarox's Weapon Shop.
 12077 | D:10     | Found a staircase to the Orcish Mines.
 12552 | D:11     | Noticed a two-headed ogre
 12561 | D:11     | Killed a two-headed ogre
 12562 | D:11     | Reached skill level 10 in Fighting
 12750 | D:11     | Reached skill level 12 in Axes
 12874 | D:11     | Noticed a purple ugly thing
 12892 | D:11     | Killed a purple ugly thing
 12935 | D:11     | Found a staircase to the Lair.
 12950 | Lair:1   | Entered Level 1 of the Lair of Beasts
 13014 | D:11     | Found a gate leading to a gauntlet.
 13021 | Gauntlet | Entered a Gauntlet
 13021 | Gauntlet | Found a transporter.
 13021 | Gauntlet | Found a transporter.
 13021 | Gauntlet | Found a transporter.
 13021 | Gauntlet | Noticed a worldbinder
 13042 | Gauntlet | Found a transporter.
 13047 | Gauntlet | Noticed an orb spider
 13052 | Gauntlet | Found a transporter.
 13055 | Gauntlet | Found a transporter.
 13057 | Gauntlet | Reached *** piety under the Shining One
 13058 | Gauntlet | Noticed a green death
 13063 | Gauntlet | Noticed a harpy
 13063 | Gauntlet | a black mamba changed into a harpy
 13064 | Gauntlet | an orb spider changed into a komodo dragon
 13065 | Gauntlet | Found a transporter.
 13084 | Gauntlet | Found a transporter.
 13098 | Gauntlet | Found a transporter.
 13101 | Gauntlet | Found a transporter.
 13101 | Gauntlet | Noticed a shining eye
 13112 | Gauntlet | Found a transporter.
 13112 | Gauntlet | Found a transporter.
 13241 | D:11     | Noticed Snorg
 13279 | D:11     | Killed Snorg
 13280 | D:11     | Reached skill level 5 in Long Blades
 13445 | D:11     | Reached XP level 12. HP: 81/107 MP: 17/17
 13633 | D:11     | Noticed a two-headed ogre
 13645 | D:11     | Killed a two-headed ogre
 13646 | D:11     | Reached skill level 10 in Armour
 14621 | Lair:1   | Identified the +1 robe of the Arcane {+Inv}
 14629 | Lair:1   | Reached **** piety under the Shining One
 15414 | Lair:2   | Reached skill level 13 in Axes
 15677 | Lair:2   | Noticed Maggie
 16138 | Lair:2   | Found a staircase to the Swamp.
 16221 | Swamp:1  | Entered Level 1 of the Swamp
 16278 | Lair:2   | Killed Maggie
 16321 | Lair:2   | Found a staircase to the Snake Pit.
 17507 | Lair:3   | Reached XP level 13. HP: 114/117 MP: 18/18
 19014 | Lair:5   | Found a frozen archway.
 19102 | IceCv    | Entered an ice cave
 19114 | IceCv    | Reached ***** piety under the Shining One
 19208 | IceCv    | Reached skill level 14 in Axes
 19678 | IceCv    | Found an ancient bone altar of Kikubaaqudgha.
 19735 | IceCv    | Reached ****** piety under the Shining One
 20891 | Lair:5   | Found a snail-covered altar of Cheibriados.
 21006 | Lair:5   | Reached skill level 10 in Invocations
 21387 | Lair:5   | Reached XP level 14. HP: 126/127 MP: 21/21
 21689 | Lair:6   | Entered Level 6 of the Lair of Beasts
 22388 | Lair:6   | Reached skill level 15 in Axes
 22587 | Lair:6   | Found a staircase to the Slime Pits.
 22588 | Lair:6   | Found a viscous altar of Jiyva.
 24141 | Lair:6   | Found a corrupted altar of Lugonu.
 24141 | Lair:6   | Found a one-way gate to the infinite horrors of the Abyss.
 24166 | Lair:6   | Identified the +9 great mace "Goblinslayer" {vamp, rPois}
 24220 | Lair:6   | Identified a scroll of acquirement
 24514 | D:7      | Bought a scroll of identify for 28 gold pieces
 24514 | D:7      | Bought a scroll of teleportation for 42 gold pieces
 24514 | D:7      | Bought a scroll of identify for 28 gold pieces
 24514 | D:7      | Bought a scroll of identify for 28 gold pieces
 24514 | D:7      | Bought a scroll of summoning for 133 gold pieces
 24514 | D:7      | Bought a scroll of teleportation for 42 gold pieces
 24514 | D:7      | Bought a scroll of identify for 28 gold pieces
 24618 | Orc:1    | Entered Level 1 of the Orcish Mines
 24837 | D:10     | Reached XP level 15. HP: 137/137 MP: 23/23
 25184 | Orc:2    | Entered Level 2 of the Orcish Mines
 25216 | Orc:2    | Noticed an orc warlord
 25685 | D:12     | Reached skill level 10 in Dodging
 26873 | D:13     | Reached skill level 16 in Axes
 27234 | D:13     | Found a gate to the Vaults.
 28739 | D:14     | HP: 3/139 [brown ugly thing (6)]
 28739 | D:14     | Splashed by a brown ugly thing's acid

Illustrated notes

Levels and vault maps discovered:
D:1:      dpeg_arrival_snail, layout_loops_ring, minmay_misc_feat_chi
D:2:      layout_basic, basic_altar
D:3:      layout_rooms, dreamdust_ecumenical_altar_statues, serial_shops,
          nicolae_shop_crystal, shop, shop
D:4:      layout_basic, minmay_temple_entry_antechambers, serial_shops,
          nicolae_shop_competitors_out_of_business,
          minmay_misc_feat_four_crosses, hangedman_abyss_or_decor_stagger,
          chequers_serial_rivers_marsh, serial_bayou_pond_d, kennysheep_potato,
          uniq_sigmund
D:5:      layout_basic, minmay_bent
D:6:      layout_basic, nemelex_diamond_rough_becter,
          chequers_serial_rivers_large_a, uniq_menkaure
D:7:      layout_loops_corners, minmay_door_square, kennysheep_windowed_goal
D:8:      layout_loops_cross, uniq_harold, uniq_erica
D:9:      layout_long_grid, minivault_1, uniq_erolcha
D:10:     layout_basic, orc_david_3, hangedman_abyss_or_decor_stabs
D:11:     layout_rooms, erik_lair_dragon, gauntlet_entry_generic, uniq_snorg
D:12:     layout_irregular_city, dk_noncrumbling_4
D:13:     layout_rooms, erik_vaults_2
D:14:     layout_rooms
Temple:   grunt_wide_crystal_templ
Lair:1:   minmay_lair_oklob_tunnel, layout_chaotic_city, grunt_megastairs_4,
          serial_bayou_shore_a
Lair:2:   layout_small_grid, minmay_swamp_entry_worms,
          minmay_snake_entry_guardpost_medium, serial_bayou_crossing,
          minmay_lair_oklob_chamber, uniq_maggie
Lair:3:   layout_roguey, grunt_megastairs_5
Lair:4:   layout_hall_layers
Lair:5:   layout_roguey, nicolae_volcano_entry_s_turn,
          portal_ice_cave_entry_pillars_2, kennysheep_snail_temple
Lair:6:   hellmonk_lair_end_abyssal_woods, layout_cave_shapes, slime_altar_1
Swamp:1:  nicolae_swamp_secret_spriggan_hideout, layout_basic_swamp,
          evilmike_swamp_ruin_house_6, uniq_kirke, uniq_josephine
Orc:1:    layout_caves, serial_shops, shop, rock_pile
Orc:2:    st_orc_rangers, layout_caves, serial_shops, shop, uniq_jorgrun,
          uniq_donald

Skill      XL: |  1  2  3  4  5  6  7  8  9 10 11 12 13 14 15 |
---------------+----------------------------------------------+-----
Axes           | 3 4 5 6 7 9 10 11 12 13 14 15 16 | 16.3
Fighting       | 4 5 6 8 9 10 11 12 13 14 | 14.5
Dodging        | 1 2 3 4 6 7 8 9 10 | 10.4
Armour         | 4 5 6 7 8 9 10 11 12 13 | 13.5
Invocations    | 2 5 7 10 11 12 | 12.8
Long Blades    | 3 5 7 |  7.3
Shields        | |  3.2

Action                   |  1- 3 |  4- 6 |  7- 9 | 10-12 | 13-15 || total
-------------------------+-------+-------+-------+-------+-------++-------
Melee: War axe           |    94 |   181 |   260 |    48 |       ||   583
       Hand axe          |       |       |       |   678 |  1525 ||  2203
       Scimitar          |       |       |       |       |    47 ||    47
Invok: Summon Divine War |       |       |       |       |     1 ||     1
  Use: Scroll            |       |     4 |     6 |     9 |    10 ||    29
       Potion            |       |     1 |     1 |       |     4 ||     6
Armor: Scale mail        |    51 |       |       |       |       ||    51
       Chain mail        |       |   104 |   126 |    38 |       ||   268
       Ring mail         |       |       |       |    65 |   290 ||   355
Dodge: Dodged            |    64 |    95 |   189 |   344 |   739 ||  1431
       Rpst.: Scimitar   |       |       |       |       |    18 ||    18
